 Dungeon Crawl Stone Soup version 0.28-a0-500-g121bc3e445 (webtiles) character file.

Game seed: 3846954716959572531

19 speeev33 the Skirmisher (level 2, 10/26 HPs)
             Began as a Draconian Fighter on Sept 19, 2021.
             Quit the game on level 1 of the Dungeon.
             The game lasted 00:00:38 (438 turns).

speeev33 the Skirmisher (Draconian Fighter)          Turns: 438, Time: 00:00:38

Health: 10/26      AC:  4    Str: 18    XL:     2   Next: 55%
Magic:  2/2        EV: 12    Int:  8    God:
Gold:   12         SH:  4    Dex: 10    Spells: 1/1 levels left

rFire   . . .      SeeInvis .   a - +0 trident
rCold   . . .      Faith    .   b - +0 buckler
rNeg    . . .      Spirit   .   (armour unavailable)
rPois   .          Reflect  .   (helmet restricted)
rElec   .          Harm     .   (no cloak)
rCorr   .          Rampage  .   (no gloves)
Will    .....                   (no boots)
Stlth   +.........              (no amulet)
HPRegen 0.08/turn               (no ring)
MPRegen 0.08/turn               (no ring)

@: no status effects
A: AC +4, unfitting armour, cold-blooded
a: no special abilities


You were on level 1 of the Dungeon.
You visited 1 branch of the dungeon, and saw 1 of its levels.

You collected 12 gold pieces.

Inventory:

Hand Weapons
 a - a +0 trident (weapon)
Armour
 b - a +0 buckler (worn)
Scrolls
 d - 4 scrolls of identify {unknown}
Potions
 c - a potion of might


   Skills:
 + Level 3.6 Fighting
 + Level 2.4 Polearms
 - Level 2.6 Dodging
 + Level 3.3 Shields


You had one spell level left.
You didn't know any spells.
Your spell library was empty.

Dungeon Overview and Level Annotations

Branches:
Dungeon (1/15)

Altars:


Innate Abilities, Weirdness & Mutations

Your plain brown scales are hard. (AC +4)
You cannot fit into any form of body armour.
You are cold-blooded and may be slowed by cold attacks.


Message History

You kill the dart slug!
No target in view!
No target in view!
A kobold comes into view. It is wielding a +0 short sword.
A kobold is nearby!
A kobold is nearby!
Found a leather armour.
A dart slug comes into view.
Found 15 gold pieces.
The dart slug launches a dart at you. The slug dart hits you.
You reach to attack!
You barely miss the kobold. You closely miss the kobold.
The kobold hits you but does no damage.
You hit the dart slug but do no damage. You block the kobold's attack.
The dart slug barely misses you. The kobold barely misses you.
You hit the dart slug. You tail-slap the dart slug.
The dart slug is severely wounded.
The kobold hits you with a +0 short sword.
The dart slug launches a dart at you. The slug dart hits you.
You are too injured to fight recklessly!
You are too injured to fight recklessly!
You are too injured to fight recklessly!
You are too injured to fight recklessly!
You hit the dart slug. You tail-slap the dart slug.
You kill the dart slug!
The kobold hits you with a +0 short sword.
You closely miss the kobold. The kobold hits you but does no damage.
You closely miss the kobold.
Your tail-slap misses the kobold.
The kobold misses you.
You closely miss the kobold. You block the kobold's attack.
The kobold hits you but does no damage.
You hit the kobold but do no damage. The kobold barely misses you.
You closely miss the kobold.
The kobold hits you with a +0 short sword.
You hit the kobold.
You kill the kobold!
Things that are here:
a +0 short sword; 4 stones Are you sure you want to abandon this character and quit the game? (Confirm with "yes".)

####.......#
####........ #.
#.....#........##
........###......
....##.## #.#.# .##.#
... #.#.## .##.# .....
#....#####.#
............#...$.......
###.#.>.....#...@......#
###.#.#................#
....#.#........)........
#####.#.........##.....#
......#.....###..##..###
###......#######.......#
#...##...........#...[#
#...#...>...#######....
##......####.......# ...


There were no monsters in sight!

Vanquished Creatures
  2 dart slugs (D:1)
  3 ball pythons (D:1)
  A bat (D:1)
  2 endoplasms (D:1)
  2 hobgoblins (D:1)
  A quokka (D:1)
  2 kobolds (D:1)
13 creatures vanquished.

Notes
Turn   | Place    | Note
-------+----------+-------------------------------------------
     0 | D:1      | speeev33 the Draconian Fighter began the quest for the Orb.
     0 | D:1      | Reached XP level 1. HP: 19/19 MP: 1/1
   323 | D:1      | Reached XP level 2. HP: 26/26 MP: 2/2
   438 | D:1      | Quit the game

Illustrated notes

Levels and vault maps discovered:
D:1:      nzn_arrival_crosshair, layout_rooms

Action                   || total
-------------------------++-------
Melee: Trident           ||    39
       Tailslap          ||     4
Armor: Skin              ||    11
Dodge: Dodged            ||    18
Block: Buckler           ||     5

Table legend: (Time is in decaauts)
 A = Elapsed time spent in this place.
 B = Non-inter-level travel time spent in this place.
 C = Inter-level travel time spent in this place.
 D = Time resting spent in this place.
 E = Time spent auto-exploring this place.
 F = Levels seen in this place.
 G = Mean time per level.
                   A        B        C        D        E       F      G
               +--------+--------+--------+--------+--------+-----+--------+
         Total |    446 |    446 |      0 |      0 |    359 |   1 |  446.0 |
       Dungeon |    446 |    446 |      0 |      0 |    359 |   1 |  446.0 |
               +--------+--------+--------+--------+--------+-----+--------+

Top non-repeatable levels by time:
     D:1: 446 daAuts
